 Dungeon Crawl Stone Soup version 0.24-a0-7-g1bb0902 (webtiles) character file.

Game seed: 10879063446470064894

73 Mandrivia the Skirmisher (level 4, -3/40 HPs)
             Began as a Draconian Berserker on Jan 30, 2019.
             Was a Believer of Trog.
             Killed by nerve-wracking pain
             ... invoked by Grinder
              (7 damage)
             ... on level 3 of the Dungeon.
             The game lasted 00:14:52 (1421 turns).

Mandrivia the Skirmisher (Draconian Berserker)      Turns: 1421, Time: 00:14:52

Health: -3/40      AC:  5    Str: 21    XL:     4   Next: 8%
Magic:  4/4        EV: 13    Int:  7    God:    Trog [**....]
Gold:   96         SH:  0    Dex: 10    Spells: 3/3 levels left

rFire    . . .     SeeInvis .   b - +0 hand axe
rCold    . . .     Gourm    .   (no shield)
rNeg     . . .     Faith    .   (armour unavailable)
rPois    .         Spirit   .   (helmet restricted)
rElec    .         Reflect  .   (no cloak)
rCorr    .         Harm     .   (no gloves)
MR       .....                  (no boots)
Stlth    +.........             (no amulet)
HPRegen  0.13/turn              (no ring)
MPRegen  0.09/turn              (no ring)

@: no status effects
A: unfitting armour, cold-blooded, AC +5
a: Berserk, Trog's Hand, Renounce Religion


You were on level 3 of the Dungeon.
You worshipped Trog.
Trog was pleased with you.
You were not hungry.

You visited 1 branch of the dungeon, and saw 3 of its levels.

You collected 96 gold pieces.

Inventory:

Hand Weapons
 a - a +0 hand axe
 b - a +0 hand axe (weapon)
Armour
 k - a +0 chain mail
Jewellery
 c - an uncursed ring of magical power
Wands
 l - a wand of flame (24)
Scrolls
 d - a scroll of teleportation {unknown}
 e - a scroll of immolation {unknown}
 j - a scroll of enchant weapon {unknown}
 m - a scroll of identify {unknown}
Potions
 h - a potion of flight {unknown}
 i - 2 potions of resistance {unknown}
 n - a potion of heal wounds {unknown}
Comestibles
 f - a ration
 g - 5 chunks of flesh


   Skills:
 + Level 4.0 Fighting
 + Level 3.9 Axes
 + Level 3.3 Dodging


You had 3 spell levels left.
You didn't know any spells.
Your spell library was empty.

Dungeon Overview and Level Annotations

Branches:
Dungeon (3/15)

Altars:
Sif Muna

Annotations:
D:3 Grinder


Innate Abilities, Weirdness & Mutations

Your plain brown scales are hard. (AC +5)
You cannot fit into any form of body armour.
You are cold-blooded and may be slowed by cold attacks.


Message History

Grinder hits you.
You writhe in agony.
You closely miss Grinder.
Grinder is lightly wounded.
Grinder hits you.
You writhe in agony.
You barely miss Grinder.
Grinder is lightly wounded.
Grinder hits you!
You writhe in agony.
Grinder gestures at you.
You suddenly lose the ability to move!
Grinder gestures at you. Pain shoots through your body!
* * * LOW HITPOINT WARNING * * *
Grinder blinks!
You can move again.
Drop what? 14/52 slots (_ for help) (? for menu, Esc to quit)
Okay, then.
Grinder blinks!
Grinder gestures at you. Pain shoots through your body!
You die...

####### #.....#
###.....#######
#.........()...
###.#@.....#####.
#....5.....#
#####.#.######ยง#
#.#####...........#
.#
.#.................#
.#
.........###.#.###.#
.# .#.#####.# #.#.#
# .# #.#####.# #.#.#
.# .#.......###.#.#


You could see Grinder.

Vanquished Creatures
  Jessica (D:3)
  An adder (D:2)
  An adder skeleton (D:2)
  A dart slug (D:3)
  5 leopard geckos
  2 bats (D:1)
  4 giant cockroaches
  3 goblins
  3 hobgoblins
  A ball python (D:1)
  A frilled lizard (D:2)
  3 kobolds
  4 rats
30 creatures vanquished.

Notes
Turn   | Place    | Note
-------+----------+-------------------------------------------
     0 | D:1      | Mandrivia the Draconian Berserker began the quest for the
                  | Orb.
     0 | D:1      | Reached XP level 1. HP: 19/19 MP: 1/1
   245 | D:1      | Reached XP level 2. HP: 26/26 MP: 2/2
  1045 | D:2      | Reached ** piety under Trog
  1133 | D:2      | Reached XP level 3. HP: 31/33 MP: 3/3
  1309 | D:3      | Noticed Jessica
  1316 | D:3      | Killed Jessica
  1324 | D:3      | Found a deep blue altar of Sif Muna.
  1346 | D:3      | Reached XP level 4. HP: 30/40 MP: 4/4
  1391 | D:3      | Reached skill level 4 in Fighting
  1406 | D:3      | Noticed Grinder
  1415 | D:3      | Paralysed by Grinder for 3 turns
  1421 | D:3      | Killed from afar by Grinder

Vault maps used:
D:1:      dpeg_arrival_concentric_ovals, minivault_26
D:3:      grunt_temple_overflow_open, nicolae_overflow_crystal_walls,
          serial_undead, serial_undead_c, serial_undead_d, serial_undead_d,
          serial_undead_c, chequers_ecumenical_altar_island, uniq_grinder,
          uniq_jessica

Skill      XL: |  1  2  3  4 |
---------------+-------------+-----
Dodging        | 3 |  3.3
Fighting       | 4 |  4.0
Axes           | |  3.9

Action                   |  1- 3 |  4- 6 || total
-------------------------+-------+-------++-------
Melee: Hand axe          |    89 |    13 ||   102
       Tailslap          |     6 |     3 ||     9
  Use: Scroll            |     1 |       ||     1
       Potion            |     1 |       ||     1
  Eat: Ration            |     1 |       ||     1
Armor: Skin              |    26 |     5 ||    31
Dodge: Dodged            |    81 |     9 ||    90

Table legend:
 A = Non-vault XP
 B = Vault XP
 C = Vault XP percentage of total XP
 D = Non-vault monster count
 E = Vault monster count
 F = Vault count percentage of total count
                 A         B        C        D         E       F
            +---------+---------+-------+---------+---------+-------
      Total |      68 |      37 |  35.2 |      29 |       1 |   3.3
            +---------+---------+-------+---------+---------+-------
        D:1 |      14 |       0 |   0.0 |       9 |       0 |   0.0
        D:2 |      42 |       0 |   0.0 |      16 |       0 |   0.0
        D:3 |      12 |      37 |  75.5 |       4 |       1 |  20.0
            +---------+---------+-------+---------+---------+-------
